 Dungeon Crawl Stone Soup version 0.29-a0-88-g03a7b78be7 (webtiles) character file.

Game seed: 13134573622247056753

119 dmks the Firebug (level 4, -2/33 HPs)
             Began as a Draconian Fire Elementalist on Feb 5, 2022.
             Slain by a scorpion (4 damage)
             ... on level 3 of the Dungeon.
             The game lasted 00:06:53 (3284 turns).

dmks the Firebug (Draconian Fire Elementalist)      Turns: 3284, Time: 00:06:54

Health: -2/33      AC:  9    Str: 11    XL:     4   Next: 74%
Magic:  1/7        EV: 12    Int: 17    God:
Gold:   99         SH:  0    Dex: 11    Spells: 5/8 levels left

rFire   . . .      SeeInvis .   (no weapon)
rCold   . . .      Faith    .   (no shield)
rNeg    . . .      Spirit   .   (armour unavailable)
rPois   .          Reflect  .   (helmet restricted)
rElec   .          Harm     .   (no cloak)
rCorr   .          Rampage  .   (no gloves)
Will    .....                   (no boots)
Stlth   ++........              (no amulet)
HPRegen 0.11/turn               a - +4 ring of protection
MPRegen 0.10/turn               (no ring)

@: lethally poisoned (-2 -> -10), invisible
A: AC +5, unfitting armour, cold-blooded
a: no special abilities


You were on level 3 of the Dungeon.
You visited 1 branch of the dungeon, and saw 3 of its levels.

You collected 99 gold pieces.

Inventory:

Jewellery
 a - a +4 ring of protection (left hand)
   (You found it on level 1 of the Dungeon)
Scrolls
 b - a scroll of teleportation {unknown}
 c - a scroll of identify {unknown}
Potions
 e - a potion of might {unknown}
 f - a potion of degeneration {unknown}


   Skills:
 - Level 2.0 Dodging
 - Level 2.0 Stealth
 + Level 2.6 Spellcasting
 * Level 2.8 Conjurations
 * Level 4.1 Fire Magic


You had 5 spell levels left.
You knew the following spells:

 Your Spells              Type           Power      Damage    Failure   Level
a - Foxfire               Conj/Fire      56%        2x1d6     4%          1
b - Scorch                Fire           32%        2d6       4%          2

Your spell library contained the following spells:

 Spells                   Type           Power      Damage    Failure   Level
 Conjure Flame            Conj/Fire      14%        6-21      13%         3
 Inner Flame              Hex/Fire       9%         N/A       24%         3
 Flame Wave               Conj/Fire      14%        2d6       41%         4


Dungeon Overview and Level Annotations

Branches:
Dungeon (3/15)

Altars:

Shops:
D:1 =!([?   D:2 (


Innate Abilities, Weirdness & Mutations

Your plain brown scales are hard. (AC +5)
You cannot fit into any form of body armour.
You are cold-blooded and may be slowed by cold attacks.


Message History

There are monsters nearby!
There are monsters nearby!
There are monsters nearby!
There are monsters nearby!
There are monsters nearby!
There are monsters nearby!
There are monsters nearby!
There are monsters nearby!
There are monsters nearby!
There are monsters nearby!
You conjure some foxfire!
The foxfire hits the scorpion but does no damage.
The foxfire hits the scorpion.
There is an open door here.
You conjure some foxfire!
The scorpion barely misses you. x2
The scorpion stings you but does no damage.
The foxfire hits the scorpion.
The scorpion closely misses you. The scorpion misses you.
The scorpion completely misses you.
You see here a +0 leather armour.
The scorpion stings you.
You are poisoned.
The scorpion poisons you!
Flames lash the scorpion.
The scorpion's fire resistance burns away.
You feel very sick. The scorpion stings you.
You feel very sick. The scorpion misses you.
Flames lash the orc.
You kill the orc!
You feel sick. The scorpion stings you.
You feel sick.
The scorpion stings you but does no damage.
Flames lash the scorpion.
The scorpion is burned terribly!
You feel sick. The scorpion stings you!
* * * LOW HITPOINT WARNING * * *
You are lethally poisoned!
The scorpion poisons you!
The scorpion stings you but does no damage.
* * * LOW HITPOINT WARNING * * *
You feel very sick. The scorpion misses you.
It was a potion of invisibility.
You fade into invisibility!
* * * LOW HITPOINT WARNING * * *
You feel very sick. The scorpion stings you.
You die...

#..........# #..........#
#..........# #..........##
#............ ####
#...........# #..########
#...........#
##........######..........##
#.#..#.#..@s).........#...#
#.##.#.###########.........
#....#.# ##..#......
####...# ###...#......
#...########.....#......
#.........w...#.###.....
##..............####...#
#.....(..........######
#..............#.# #


You could see a scorpion (combustible).

Vanquished Creatures
  Terence (D:2)
  A gnoll (D:1)
  3 adders
  An orc (D:3)
  3 ball pythons
  7 endoplasms
  2 giant cockroaches
  9 hobgoblins
  3 jackals (D:3)
  5 quokkas
  4 bats
  5 frilled lizards
  2 goblins (D:1)
  6 kobolds
  A rat (D:3)
53 creatures vanquished.

Vanquished Creatures (others)
  192 foxfires
192 creatures vanquished.

Grand Total: 245 creatures vanquished

Notes
Turn   | Place    | Note
-------+----------+-------------------------------------------
     0 | D:1      | dmks the Draconian Fire Elementalist began the quest for
                  | the Orb.
     0 | D:1      | Reached XP level 1. HP: 14/14 MP: 3/3
    22 | D:1      | Found Zetipap's Magic Scroll Emporium.
   185 | D:1      | Reached XP level 2. HP: 20/20 MP: 0/5
   602 | D:1      | Found Taisk's Armour Shop.
   758 | D:1      | Reached XP level 3. HP: 26/26 MP: 0/6
   822 | D:1      | Found Fuaczax's Jewellery Emporium.
   872 | D:1      | Found Paere's Weapon Shoppe.
   910 | D:1      | Found Malobuec's Distillery.
  1583 | D:2      | Found Gyses's Weapon Boutique.
  2193 | D:2      | Reached XP level 4. HP: 33/33 MP: 5/7
  2378 | D:2      | Noticed Terence
  2474 | D:2      | Killed Terence
  2839 | D:2      | Learned a level 2 spell: Scorch
  2891 | D:3      | Reached skill level 4 in Fire Magic
  3256 | D:3      | Noticed a scorpion
  3284 | D:3      | Slain by a scorpion

Illustrated notes

Levels and vault maps discovered:
D:1:      tarquinn_simple_flora_water_d, layout_rooms, serial_shops,
          nicolae_diamond_shop, nicolae_shop_temple_entry_statues_fountains,
          shop_fountains, nicolae_shop_crystal, nicolae_shop_hallway_plus,
          moated_statue, glass_columns_a
D:2:      layout_basic, serial_shops, shop, uniq_terence
D:3:      layout_rooms, grunt_ministairs_8

Skill      XL: |  1  2  3  4 |
---------------+-------------+-----
Dodging        | 2 |  2.0
Stealth        | 2 |  2.0
Conjurations   | 2 |  2.8
Fire Magic     | 4 |  4.1
Spellcasting   | |  2.6

Action                   |  1- 3 |  4- 6 || total
-------------------------+-------+-------++-------
Melee: Unarmed           |    26 |       ||    26
       Tailslap          |     4 |       ||     4
 Cast: Foxfire           |    82 |    48 ||   130
       Scorch            |       |     3 ||     3
  Use: Potion            |       |     1 ||     1
Armor: Skin              |    20 |    27 ||    47
Dodge: Dodged            |    42 |    42 ||    84

Table legend: (Time is in decaauts)
 A = Elapsed time spent in this place.
 B = Non-inter-level travel time spent in this place.
 C = Inter-level travel time spent in this place.
 D = Time resting spent in this place.
 E = Time spent auto-exploring this place.
 F = Levels seen in this place.
 G = Mean time per level.
                   A        B        C        D        E       F      G
               +--------+--------+--------+--------+--------+-----+--------+
         Total |   3285 |   3204 |     81 |    162 |   2444 |   3 | 1095.0 |
       Dungeon |   3285 |   3204 |     81 |    162 |   2444 |   3 | 1095.0 |
               +--------+--------+--------+--------+--------+-----+--------+

Top non-repeatable levels by time:
     D:2: 1558 daAuts
     D:1: 1280 daAuts
     D:3: 446 daAuts
